 Dungeon Crawl Stone Soup version 0.30-b1-2-g02819fbbbe (webtiles) character file.

Game seed: 17302574787600034683

1453 Flugkiller the Trooper (level 8, -1/53 HPs)
             Began as a Gargoyle Fighter on May 13, 2023.
             Was an Initiate of the Shining One.
             Slain by a cyclops (16 damage)
             ... on level 6 of the Dungeon.
             The game lasted 00:07:31 (4882 turns).

Flugkiller the Trooper (Gargoyle Fighter)           Turns: 4882, Time: 00:07:32

Health: -1/53      AC: 24    Str: 23    XL:     8   Next: 76%
Magic:  8/8        EV:  8    Int: 10    God:    the Shining One [......]
Gold:   429        SH:  4    Dex:  5    Spells: 7/7 levels left

rFire   + . .        a - +0 war axe (protect)
rCold   . . .        c - +0 buckler
rNeg    + . .        i - +0 chain mail
rPois   ∞            (no helmet)
rElec   +            (no cloak)
rCorr   .            v - +0 pair of gloves of Tuaxza Sei {rElec rF+ Str+2 Dex-4}
SInv    .            (no boots)
Will    .....        s - amulet of the acrobat Stlth
                     e - ring of flight
HPRegen 0.28/turn    (no ring)
MPRegen 0.11/turn

%: acrobat
@: under a protective aura, flying, glowing, studying Armour
A: sickness immunity, AC +5, negative energy resistance 1, electricity
resistance, torment resistance 1, petrification resistance
a: Renounce Religion


You were on level 6 of the Dungeon.
You worshipped the Shining One.
The Shining One was noncommittal.
You visited 2 branches of the dungeon, and saw 7 of its levels.

You collected 429 gold pieces.

Inventory:

Hand Weapons
 a - a +0 war axe of protection (weapon)
Armour
 c - a +0 buckler (worn)
 i - a +0 chain mail (worn)
   (You found it on level 3 of the Dungeon)
 v - the +0 pair of gloves of Tuaxza Sei (worn) {rElec rF+ Str+2 Dex-4}
   (You found it on level 4 of the Dungeon)

   Str:       It affects your strength (+2).
   Dex:       It affects your dexterity (-4).
   rF:        It protects you from fire.
   rElec:     It insulates you from electricity.
Jewellery
 e - a ring of flight (left hand)
   (You found it on level 1 of the Dungeon)
 s - an amulet of the acrobat (around neck)
   (You found it on level 3 of the Dungeon)
Wands
 g - a wand of digging (5)
   (You found it on level 2 of the Dungeon)
 o - a wand of light (5)
   (You found it on level 2 of the Dungeon)
Scrolls
 f - a scroll of poison
 j - a scroll of acquirement
 l - a scroll of magic mapping {unknown}
 n - 2 scrolls of brand weapon
 p - a scroll of enchant armour
 r - a scroll of immolation {unknown}
 t - 6 scrolls of teleportation
 u - a scroll of amnesia {unknown}
 x - a scroll of fog
 y - a scroll of enchant weapon {unknown}
 z - 2 scrolls of blinking
 C - a scroll of silence {unknown}
Potions
 b - 2 potions of heal wounds {unknown}
 d - 2 potions of might
 h - 3 potions of brilliance
 k - 2 potions of haste {unknown}
 m - 2 potions of magic {unknown}
 q - 6 potions of curing
 w - 2 potions of cancellation {unknown}
 A - a potion of attraction {unknown}
 B - a potion of mutation {unknown}


   Skills:
 * Level 7.4 Fighting
 * Level 5.7 Axes
 + Level 7.2 Armour
 + Level 5.6 Shields
 * Level 1.3 Invocations
 + Level 0.3 Evocations


You had 7 spell levels left.
You didn't know any spells.
Your spell library contained the following spells:

 Spells                   Type           Power      Damage    Failure   Level
 Lesser Beckoning         Tloc           0%         N/A       98%         2
 Call Canine Familiar     Summ           0%         N/A       100%        3
 Gell's Gravitas          Tloc           0%         N/A       100%        3
 Portal Projectile        Hex/Tloc       0%         N/A       100%        3
 Teleport Other           Tloc           0%         N/A       100%        3
 Vhi's Electric Charge    Tloc/Air       0%         N/A       100%        3
 Leda's Liquefaction      Hex/Erth       0%         N/A       100%        4
 Arcjolt                  Conj/Air       0%         1d10      100%        5
 Plasma Beam              Fire/Air       0%         2x1d11    100%        6


Dungeon Overview and Level Annotations

Branches:
Dungeon (6/15) Zot: 26430  Temple (1/1) D:6 Zot: 5854

Altars:
Dithmenos
Elyvilon
Fedhas
Makhleb
Nemelex Xobeh
Okawaru
Qazlal
Ru
Sif Muna
Trog
Uskayaw
Vehumet
Yredelemnul
Zin
The Shining One

Shops:
D:4 ?   D:5 *


Innate Abilities, Weirdness & Mutations

You are immune to sickness and miasma.
Your stone body is resilient. (AC +5)
You are immune to poison.
You resist negative energy. (rN+)
You are resistant to electric shocks. (rElec)
You are resistant to unholy torment.
You are immune to petrification.


Message History

You barely miss the ogre.
The ogre is almost dead.
The ogre hits you with a +0 giant club!!
You are too injured to fight recklessly!
Aiming: Bolt of Light
Press: ? - help, Shift-Dir - straight line, f/p - ogre
Aim: an ogre, wielding a +0 giant club (almost dead, blind, 86% to hit)
The bolt of light hits the ogre!
You kill the ogre!
Your Armour skill increases to level 7!
You start resting.
HP restored.
Things that are here:
a +0 giant club; an ogre corpse You see here 4 stones.
You now have 429 gold pieces (gained 13).
You reach down and open the door.
A cyclops comes into view.
The cyclops shouts!
A water moccasin comes into view.
There are monsters nearby!
Unknown command.
Okay, then.
Okay, then.
Unknown command.
The water moccasin hisses angrily.
You block the water moccasin's attack.
The water moccasin attacks as you move away!
The water moccasin completely misses you.
The water moccasin attacks as you move away!
The water moccasin misses you.
There is a stone staircase leading up here.
The water moccasin barely misses you. You block the water moccasin's attack.
You fly upwards.
There is a stone staircase leading down here.
You barely miss the water moccasin. You block the water moccasin's attack.
You barely miss the water moccasin. The water moccasin closely misses you.
The water moccasin bites you but does no damage.
You slice the water moccasin!!
Your weapon exudes an aura of protection.
The water moccasin is severely wounded.
The water moccasin bites you but does no damage. x2
You miss the water moccasin.
The water moccasin is heavily wounded.
The water moccasin barely misses you. The water moccasin closely misses you.
You closely miss the water moccasin.
The water moccasin is heavily wounded.
The water moccasin bites you but does no damage.
The water moccasin barely misses you.
You slash the water moccasin!
Your weapon exudes an aura of protection.
The water moccasin is severely wounded.
The water moccasin barely misses you.
You slash the water moccasin!
You kill the water moccasin!
Your Invocations skill increases to level 1!
No target in view!
You see here a +0 trident.
There is a stone staircase leading down here.
You can't go up here!
You fly downwards.
There is a stone staircase leading up here.
Unknown command.
You start waiting.
A cyclops is nearby!
The cyclops throws a large rock.
The large rock hits you.
You barely miss the cyclops. The cyclops hits you!
You slash the cyclops!
Your weapon exudes an aura of protection.
The cyclops is lightly wounded.
The cyclops hits you!!
* * * LOW HITPOINT WARNING * * *
Unknown command.
Unknown command.
Press: ? - help, v - describe, . - travel
Here: a cyclops, quivering large rocks (lightly wounded)
The floor.
Unknown command.
Okay, then.
You feel better. The cyclops hits you!
Aiming: Bolt of Light
Press: ? - help, Shift-Dir - straight line, f - cyclops
Aim: a cyclops, quivering large rocks (lightly wounded, 98% to hit)
The bolt of light hits the cyclops!
The cyclops is heavily wounded.
The cyclops is blinded.
You hit the cyclops.
The cyclops is heavily wounded.
The cyclops misses you.
You hit the cyclops but do no damage.
The cyclops is heavily wounded.
The cyclops hits you.
* * * LOW HITPOINT WARNING * * *
Aiming: Bolt of Light
Press: ? - help, Shift-Dir - straight line, f/p - cyclops
Aim: a cyclops, quivering large rocks (heavily wounded, blind, 98% to hit)
The bolt of light hits the cyclops!
The cyclops is severely wounded.
The cyclops hits you!
You die...

#.#...##.<....>.....>..#.....>..
#.#....#...........#..###.......
##.#...#...........#####.........
.....8..).....###..###........#..
..............###.............#..
...8.8.......###.................
.......#.....# ##.>.......##..#.#
#.....)#.....####C........###..?.
##..............@.........##.
####.......#####.........#..
##......# ##........... ##.##..#
#........... ####..##
####..........
#####....###.###.......#
#.............##......##
#......................#
#...........#.##......###


You could see a cyclops (blind).

Vanquished Creatures
  2 water moccasins (D:5)
  An ogre (D:6)
  2 centaurs
  3 scorpions
  5 wights
  2 orc priests (D:3)
  4 hounds
  2 jellies
  2 iguanas
  2 orc wizards
  4 gnolls
  7 adders
  4 white imps
  An ufetubus (D:5)
  4 worms
  10 orcs
  7 ball pythons
  6 bats
  10 endoplasms
  2 giant cockroaches
  9 goblins
  11 hobgoblins
  2 jackals
  6 kobolds
  3 quokkas
  3 frilled lizards
  7 rats
  A butterfly (D:6)
122 creatures vanquished.

Notes
Turn   | Place    | Note
-------+----------+-------------------------------------------
     0 | D:1      | Flugkiller the Gargoyle Fighter began the quest for the
                  | Orb.
     0 | D:1      | Reached XP level 1. HP: 14/14 MP: 1/1
   256 | D:1      | Reached XP level 2. HP: 19/19 MP: 2/2
   756 | D:2      | Identified 2 scrolls of acquirement
   756 | D:2      | Acquired a manual of Armour
   831 | D:2      | Reached XP level 3. HP: 23/24 MP: 3/3
  1511 | D:2      | Reached XP level 4. HP: 28/29 MP: 4/4
  1681 | D:3      | Found a radiant altar of Vehumet.
  1682 | D:3      | Found a blossoming altar of Fedhas.
  1767 | D:2      | Reached XP level 5. HP: 22/34 MP: 5/5
  2154 | D:2      | Reached XP level 6. HP: 16/40 MP: 6/6
  2407 | D:3      | Reached skill level 5 in Fighting
  2959 | D:4      | Reached skill level 5 in Armour
  3051 | D:4      | Found a glowing golden altar of the Shining One.
  3130 | D:4      | Found Dil Fary's Magic Scroll Shop.
  3202 | D:4      | Identified the +0 pair of gloves of Tuaxza Sei {rElec rF+
                  | Str+2 Dex-4}
  3430 | D:5      | Entered Level 5 of the Dungeon
  3488 | D:5      | Reached XP level 7. HP: 36/44 MP: 7/7
  3621 | D:5      | Found a hide-covered altar of Uskayaw.
  3802 | D:5      | Found Kuips's CLEARANCE SALE!.
  3866 | D:4      | Reached skill level 5 in Shields
  3943 | D:5      | Reached skill level 5 in Axes
  3943 | D:5      | Reached XP level 8. HP: 52/52 MP: 8/8
  4398 | D:6      | Found a staircase to the Ecumenical Temple.
  4412 | Temple   | Entered the Ecumenical Temple
  4624 | D:4      | Became a worshipper of the Shining One
  4825 | D:6      | Noticed a cyclops
  4844 | D:5      | Reached skill level 1 in Invocations
  4882 | D:6      | Slain by a cyclops

Illustrated notes

Levels and vault maps discovered:
D:1:      tarquinn_simple_flora_water_a, layout_basic
D:2:      layout_rooms, amcnicky_mini_pool_small, minmay_joined_circles
D:3:      layout_rooms, gammafunk_temple_overflow_pools, corexii_shack,
          st_stairs_1, minmay_starry_boxes
D:4:      layout_basic, nicolae_tso_swordbearing_angel, serial_demonic,
          serial_demonic_d, serial_demonic_e, serial_demonic_a,
          serial_demonic_e, minmay_misc_feat_doors, kennysheep_windowed_goal
D:5:      layout_cave_pools, lemuel_doored_altar, nicolae_shop_clearance
D:6:      layout_cave_pools, minmay_temple_entry_butterflies,
          serial_column_ruins, column_ruins_hut, column_ruins_hut_pillars,
          column_ruins_grid_1, column_ruins_corridor_corner,
          column_ruins_corridor_straight, column_ruins_columns_corner
Temple:   jpeg_temple_clearing

Skill      XL: |  1  2  3  4  5  6  7  8 |
---------------+-------------------------+-----
Axes           | 2 3 4 5 |  5.7
Fighting       | 4 5 6 7 |  7.4
Armour         | 4 5 6 7 |  7.2
Shields        | 4 5 |  5.6
Invocations    | 1 |  1.3
Evocations     | |  0.3

Action                     |  1- 3 |  4- 6 |  7- 9 || total
---------------------------+-------+-------+-------++-------
  Melee: War axe           |   114 |   210 |   147 ||   471
  Evoke: Wand              |       |       |     4 ||     4
    Use: Scroll            |     4 |     4 |     1 ||     9
         Potion            |       |       |     1 ||     1
 Armour: Scale mail        |    87 |     4 |       ||    91
         Chain mail        |       |   113 |   122 ||   235
  Dodge: Dodged            |    51 |   111 |    93 ||   255
  Block: Buckler           |    29 |    44 |    38 ||   111
